 Dungeon Crawl Stone Soup version 0.30.1-4-g462c640d31 (webtiles) character file.

Game seed: 4118687168937603215

683516 spardeous the Tortoise (level 26, -10/228 HPs)
             Began as a Demigod Conjurer on Aug 15, 2023.
             Killed from afar by a Brimstone Fiend (42 damage)
             ... with damnation
             ... on level 2 of Gehenna on Aug 16, 2023.
             The game lasted 05:45:19 (105297 turns).

spardeous the Tortoise (Demigod Conjurer)         Turns: 105297, Time: 05:45:20

Health: -10/228    AC: 48    Str: 16 (24) XL:     26   Next: 72%
Magic:  14/52      EV:  8    Int: 31 (34) God:
Gold:   2468       SH:  0    Dex: 16      Spells: 6/62 levels left

rFire   + + +        a - +9 broad axe (flame)
rCold   + + +        Y - sphere of Battle
rNeg    + + +        w - +5 gold dragon scales
rPois   ∞            G - +2 helmet
rElec   .            U - +0 cloak of Immorality {rN+ Regen+ Str-4 Int+2}
rCorr   .            n - +2 pair of gloves {Dex+3}
SInv    .            N - +3 pair of mountain boots {steadfast, rC+}
Will    +++++        P - amulet of magic regeneration Stlth
                     B - ring "Ulimoc" {rC+ Will++ Str+3 Dex-2 Stlth+}
HPRegen 1.38/turn    Z - ring of Juqeg {Wiz rF++ Str-2}
MPRegen 0.73/turn

%: wizardry (x1)
@: lich-form, studying 4 skills, unable to read, unable to drink
A: draining attack, torment immunity, no potions, high MP 1, forlorn, divine
attributes, clever 1, deterioration 1, mutation resistance 1, poison resistance,
inability to drink after injury 1
}: 4/15 runes: decaying, serpentine, slimy, silver
a: End Transformation


You were on level 2 of Gehenna.
You were an undead lich.
You visited 13 branches of the dungeon, and saw 58 of its levels.
You visited 1 bazaar.
You also visited: Sewer, Bailey, Gauntlet, Ice Cave and Volcano.

You collected 11724 gold pieces.
You spent 9256 gold pieces at shops.

Inventory:

Hand Weapons
 a - a +9 broad axe of flaming (weapon)
Armour
 d - a +2 pair of boots of flying
 n - a +2 pair of gloves of dexterity (worn)
 o - the +5 plate armour of the Everdark {rElec rF+}
   (You found it on level 2 of the Vaults)

   rF:        It protects you from fire.
   rElec:     It insulates you from electricity.
 p - a +0 kite shield of protection
 w - +5 gold dragon scales (worn)
 G - a +2 helmet (worn)
 N - the +3 pair of mountain boots (worn) {steadfast, rC+}
   (You bought it in a shop on level 2 of the Orcish Mines)

   Steadfast: It prevents involuntary movement, except for blinking,
   teleportation, or banishment.
   rC:        It protects you from cold.
 U - the +0 cloak of Immorality (worn) {rN+ Regen+ Str-4 Int+2}
   (You found it in a Gauntlet)

   Str:       It affects your strength (-4).
   Int:       It affects your intelligence (+2).
   rN:        It protects you from negative energy.
   Regen:     It increases your rate of health regeneration.
 Y - the sphere of Battle (worn)
   (You found it on level 10 of the Dungeon)

   It enhances your destructive magic.
   It weakens your non-destructive magic.
   It summons a battlesphere in combat, with strength depending on Conjurations
   skill.
Jewellery
 i - the ring "Vomnevea" {rElec Will+ rCorr Str+3 Dex-2}
   (You took it off a deep elf sorcerer on level 3 of the Elven Halls)

   [ring of willpower]

   Str:       It affects your strength (+3).
   Dex:       It affects your dexterity (-2).
   rElec:     It insulates you from electricity.
   rCorr:     It protects you from acid and corrosion.
   Will:      It increases your willpower.
 l - a ring of wizardry
 q - a ring of protection from fire
 r - a ring of magical power
 B - the ring "Ulimoc" (left hand) {rC+ Will++ Str+3 Dex-2 Stlth+}
   (You bought it in a shop on level 4 of the Snake Pit)

   [ring of protection from cold]

   Str:       It affects your strength (+3).
   Dex:       It affects your dexterity (-2).
   rC:        It protects you from cold.
   Will:      It greatly increases your willpower.
   Stlth:     It makes you more stealthy.
 F - the ring of Geir {rCorr Str+2 Int+5 Dex-5}
   (You found it on level 1 of the Realm of Zot)

   [ring of resist corrosion]

   Str:       It affects your strength (+2).
   Int:       It affects your intelligence (+5).
   Dex:       It affects your dexterity (-5).
   rCorr:     It protects you from acid and corrosion.
 H - the ring "Uliadwum" {Ice +Blink SInv}
   (You found it on level 5 of the Pits of Slime)

   [ring of ice]

   It enhances your ice magic.
   rF:        It makes you vulnerable to fire.
   rC:        It protects you from cold.
   SInv:      It lets you see invisible.
   +Blink:    It lets you blink.
 J - the amulet "Wajupo" {Reflect Rampage Int+4 SH+5}
   (You found it on level 1 of the Realm of Zot)

   [amulet of reflection]

   It reflects blocked missile attacks.
   Int:       It affects your intelligence (+4).
   SH:        It affects your SH (+5).
   Rampage:   It bestows one free step when moving towards enemies.
 P - an amulet of magic regeneration (around neck)
 W - the amulet "Sunuk" {Will+ Regen+}
   (You found it on level 12 of the Dungeon)

   [amulet of regeneration]

   Regen:     It increases your rate of health regeneration.
   Will:      It increases your willpower.
 Z - the ring of Juqeg (right hand) {Wiz rF++ Str-2}
   (You found it on level 5 of the Pits of Slime)

   [ring of wizardry]

   It improves your spell success rate.
   Str:       It affects your strength (-2).
   rF:        It greatly protects you from fire.
Wands
 s - a wand of iceblast (68)
 E - a wand of flame (144)
 K - a wand of digging (22)
 L - a wand of mindburst (58)
 S - a wand of quicksilver (52)
Scrolls
 e - 26 scrolls of teleportation
 g - 7 scrolls of silence
 k - 6 scrolls of poison
 m - 16 scrolls of fear
 y - 2 scrolls of amnesia
 z - 8 scrolls of immolation
 C - 9 scrolls of fog
 I - 10 scrolls of summoning
 R - 3 scrolls of enchant weapon
 T - 4 scrolls of magic mapping
 X - 3 scrolls of brand weapon
Potions
 b - 6 potions of magic
 c - 9 potions of invisibility
 f - 16 potions of attraction
 h - 4 potions of cancellation
 j - 20 potions of curing
 t - 7 potions of berserk rage
 u - 6 potions of brilliance
 v - 4 potions of haste
 x - 10 potions of heal wounds
 A - 2 potions of might
 D - 4 potions of mutation
 M - 9 potions of flight
 O - a potion of ambrosia
 Q - 2 potions of resistance


   Skills:
 - Level 17.1 Fighting
 - Level 18.0 Axes
 - Level 20.1 Armour
 - Level 12.9 Dodging
 - Level 6.0 Stealth
 - Level 11.9 Shields
 + Level 18.8 Spellcasting
 - Level 11.0 Conjurations
 - Level 15.0 Necromancy
 - Level 12.0 Translocations
 - Level 15.0 Transmutations
 - Level 17.5 Earth Magic


You had 6 spell levels left.
You knew the following spells:

 Your Spells              Type           Power      Damage    Failure   Level
a - Magic Dart            Conj           100%       1d8       1%          1
b - Iron Shot             Conj/Erth      54%        9d10      12%         6
c - Iskenderun's Mystic   Conj/Tloc      100%       2d19      2%          4
d - Statue Form           Tmut/Erth      40%        N/A       6%          6
e - Necromutation         Tmut/Necr      44%        N/A       98%         8
f - Borgnjor's Vile Clut  Necr/Erth      46%        N/A       1%          5
g - Fulminant Prism       Conj/Hex       38%        3d17      28%         4
h - Shatter               Erth           59%        3d44*     100%        9
i - Leda's Liquefaction   Hex/Erth       20%        N/A       9%          4
j - Stone Arrow           Conj/Erth      100%       3d13      1%          3
k - Sublimation of Blood  Necr           89%        N/A       1%          2
x - Manifold Assault      Tloc           51%        N/A       2%          4

Your spell library contained the following spells:

 Spells                   Type           Power      Damage    Failure   Level
 Apportation              Tloc           100%       N/A       1%          1
 Beastly Appendage        Tmut           100%       N/A       1%          1
 Kiss of Death            Conj/Necr      100%       2d13      1%          1
 Necrotise                Necr           100%       1d9       1%          1
 Sandblast                Erth           100%       2d20      1%          1
 Sting                    Tmut/Pois      100%       1d8       1%          1
 Passwall                 Tmut/Erth      50%        N/A       1%          2
 Searing Ray              Conj           100%       2d8       1%          2
 Wereblood                Tmut           57%        N/A       1%          2
 Vampiric Draining        Necr           89%        2d12      1%          3
 Animate Dead             Necr           89%        N/A       1%          4
 Dispel Undead            Necr           89%        3d28      1%          4
 Petrify                  Tmut/Erth      60%        N/A       1%          4
 Agony                    Necr           89%        N/A       1%          5
 Blade Hands              Tmut           28%        N/A       1%          5
 Lee's Rapid Deconstruct  Erth           59%        3d27*     1%          5
 Passage of Golubria      Tloc           51%        N/A       2%          4
 Foxfire                  Conj/Fire      100%       2x1d9     3%          1
 Shock                    Conj/Air       100%       1d9       3%          1
 Static Discharge         Conj/Air       100%       2-7/arc   4%          2
 Spider Form              Tmut/Pois      37%        N/A       4%          3
 Irradiate                Conj/Tmut      52%        3d29      4%          5
 Cigotuvi's Dreadful Rot  Necr/Pois/Air  100%       N/A       6%          2
 Portal Projectile        Hex/Tloc       66%        N/A       8%          3
 Vhi's Electric Charge    Tloc/Air       66%        N/A       8%          3
 Dazzling Flash           Conj/Hex       100%       N/A       9%          3
 Hailstorm                Conj/Ice       76%        3d16      9%          3
 Animate Armour           Summ/Erth      82%        N/A       9%          4
 Iskenderun's Battlesphe  Conj           98%        2d14      9%          5
 Death Channel            Necr           44%        N/A       10%         6
 Ignite Poison            Fire/Tmut/Pois 74%        N/A       12%         3
 Anguish                  Hex/Necr       33%        N/A       13%         4
 Ice Form                 Ice/Tmut       37%        N/A       13%         4
 Mephitic Cloud           Conj/Pois/Air  67%        N/A       19%         3
 Freeze                   Ice            100%       1d10      28%         1
 Slow                     Hex            56%        N/A       28%         1
 Summon Small Mammal      Summ           56%        N/A       28%         1
 Flame Wave               Conj/Fire      76%        2d17      28%         4
 Sticky Flame             Conj/Fire      76%        2d9       28%         4
 Dispersal                Tloc           25%        N/A       32%         6
 Alistair's Intoxication  Tmut/Pois      24%        N/A       34%         5
 Yara's Violent Unravell  Hex/Tmut       42%        3d17      34%         5
 Call Imp                 Summ           28%        N/A       38%         2
 Ensorcelled Hibernation  Hex/Ice        28%        N/A       38%         2
 Scorch                   Fire           86%        2d9       38%         2
 Summon Forest            Summ/Tloc      16%        N/A       52%         5
 Call Canine Familiar     Summ           14%        N/A       61%         3
 Confusing Touch          Hex            14%        N/A       61%         3
 Frozen Ramparts          Ice            86%        1d13      61%         3
 Inner Flame              Hex/Fire       43%        N/A       61%         3
 Ozocubu's Armour         Ice            14%        N/A       61%         3
 Summon Guardian Golem    Hex/Summ       14%        N/A       61%         3
 Swiftness                Air            14%        N/A       61%         3
 Tukima's Dance           Hex            14%        N/A       61%         3
 Arcjolt                  Conj/Air       38%        1d48      61%         5
 Freezing Cloud           Conj/Ice/Air   33%        6-21      85%         5
 Eringya's Noxious Bog    Tmut/Pois      42%        N/A       87%         6
 Simulacrum               Ice/Necr       33%        N/A       87%         6
 Airstrike                Air            21%        2d(4-20)  94%         4
 Cause Fear               Hex            7%         N/A       94%         4
 Olgreb's Toxic Radiance  Pois           43%        N/A       94%         4
 Summon Ice Beast         Ice/Summ       14%        N/A       94%         4
 Summon Lightning Spire   Summ/Air       14%        N/A       94%         4
 Metabolic Englaciation   Hex/Ice        7%         N/A       100%        5
 Silence                  Hex/Air        7%         N/A       100%        5
 Summon Mana Viper        Hex/Summ       14%        N/A       100%        5
 Plasma Beam              Fire/Air       21%        2x1d36    100%        6
 Summon Cactus Giant      Summ           7%         N/A       100%        6
 Dragon Form              Tmut           28%        N/A       43%         7
 Borgnjor's Revivificati  Necr           44%        N/A       98%         8
 Lehudib's Crystal Spear  Conj/Erth      54%        10d13     99%         8
 Enfeeble                 Hex            7%         N/A       100%        7
 Haunt                    Necr/Summ      33%        N/A       100%        7
 Monstrous Menagerie      Summ           7%         N/A       100%        7
 Ozocubu's Refrigeration  Ice            21%        4d12      100%        7
 Spellforged Servitor     Conj/Summ      38%        N/A       100%        7
 Storm Form               Tmut/Air       18%        N/A       100%        7
 Summon Hydra             Summ           7%         N/A       100%        7
 Discord                  Hex            7%         N/A       100%        8
 Disjunction              Tloc           25%        N/A       100%        8
 Ignition                 Fire           21%        3d8       100%        8
 Maxwell's Capacitive Co  Air            21%        ∞         100%        8
 Death's Door             Necr           44%        N/A       100%        9
 Fire Storm               Conj/Fire      38%        8d10      100%        9


Dungeon Overview and Level Annotations

Branches:
Dungeon (15/15)            Temple (0/1) D:6            Lair (5/5) D:10
  Swamp (4/4) Lair:3        Snake (4/4) Lair:2        Slime (5/5) Lair:5
    Orc (2/2) D:12            Elf (3/3) Orc:2        Vaults (5/5) D:14
  Crypt (3/3) Vaults:3       Tomb (0/3) Crypt:3      Depths (4/4) D:15
   Hell (visited)             Dis (0/7) Hell            Geh (2/7) Hell
    Coc (0/7) Hell            Tar (0/7) Hell            Zot (5/5) Depths:4
  Sewer (visited)          Bailey (visited)           IceCv (visited)
Volcano (visited)         Gauntlet (visited)

Shops:
D:2 (   D:6 !   D:8 *!   D:9 (   D:14 (   Orc:2 *:!:[   Elf:1 (   Elf:3 *
Snake:4 ==   Vaults:1 *:((   Vaults:3 :[!   Vaults:4 !   Vaults:5 *[
Depths:1 (

Portals:
Hell: Depths:1 Depths:2 Depths:3 Depths:4
Abyss: Lair:5 Depths:3 Depths:4
Pandemonium: Depths:1 Depths:2
Ziggurat: Depths:2

Annotations:
Snake:1 6 transporters
Zot:1 2 transporters


Innate Abilities, Weirdness & Mutations

You are an undead lich.
Your unarmed attacks are suffused with negative energy.
You are immune to unholy pain and torment.
Your necromantic spells are more powerful.
You cannot drink.
You have an increased reservoir of magic. (+10% MP)
You shall have no god before yourself.
Your divine heritage dramatically boosts your attributes as you level up.
Your mind is acute. (Int +4, Str/Dex -1)
Your body sometimes deteriorates upon taking damage.
You are somewhat resistant to further mutation.
Your system is resistant to poisons. (rPois)
You occasionally lose the ability to drink potions when taking damage.


Message History

You cannot see clearly; the smoke and ash is too thick!
You slash the balrug!
The balrug is almost dead.
Unknown command.
You slice the balrug!!
You kill the balrug!
You feel your dexterity returning.
You slash the Brimstone Fiend!
The Brimstone Fiend is lightly wounded.
Unknown command.
You hit the Brimstone Fiend but do no damage.
The Brimstone Fiend is lightly wounded.
The Brimstone Fiend hits you but does no damage.
The Brimstone Fiend hits you.
* * * LOW HITPOINT WARNING * * *
The Brimstone Fiend hits you but does no damage.
You take 2 damage, and have 51/228 hp.
You slice the Brimstone Fiend!!
The Brimstone Fiend is moderately wounded.
The Brimstone Fiend hits you but does no damage. x3
You slash the Brimstone Fiend!
The Brimstone Fiend is heavily wounded.
Unknown command.
You completely miss the Brimstone Fiend.
The Brimstone Fiend is heavily wounded.
The Brimstone Fiend hits you but does no damage. x3
You slash the Brimstone Fiend!
The Brimstone Fiend is severely wounded.
The Brimstone Fiend hits you!
* * * LOW HITPOINT WARNING * * *
The Brimstone Fiend hits you!
* * * LOW HITPOINT WARNING * * *
The Brimstone Fiend barely misses you.
You take 22 damage, and have 31/228 hp.
You hit the Brimstone Fiend but do no damage.
The Brimstone Fiend is severely wounded.
The Brimstone Fiend gestures at you.
The sphere of damnation explodes!
The damnation engulfs you!!!
You feel threatened and lose the ability to drink potions!
You die...

.≈§≈.≈≈........'.
##...≈...§..∩.....##
#.................≈##
....^.............≈≈
.................≈≈§
##........1......≈≈≈≈
#...#+#.........≈≈≈§≈
#..##.##.n2≈≈.§..≈≈§≈
##n1L*.#...≈§≈§....§≈
#..##.##...≈≈≈§......
#...#####...≈≈≈≈....≈
#....2......≈§§≈...§≈
######21....§§≈.§.≈≈§
######..§§...≈§≈
###.§...§≈§ .≈≈.≈
#####


You could see a searing wretch, a Brimstone Fiend and a friendly battlesphere.

Vanquished Creatures
  the Royal Jelly (Slime:5)
  3 dread liches
  3 orbs of fire
  An ancient lich (Vaults:5)
  A juggernaut (Depths:3)
  Vv (Zot:5)
  5 Killer Klowns (Zot:5)
  A shard shrike (IceCv)
  Bai Suzhen (Vaults:5)
  Vashnia (Snake:3)
  3 curse toes
  Geryon (Hell)
  Saint Roka (Snake:3)
  11 golden dragons
  Nikola (Swamp:2)
  2 profane servitors (Crypt:3)
  2 bone dragons (Zot:3)
  A shard shrike zombie (Crypt:2)
  4 electric golems
  Rupert (Lair:5)
  17 tentacled monstrosities
  Jorgrun (Snake:2)
  Mlioglotl (Snake:1)
  15 Orb Guardians (Zot:5)
  8 liches
  2 titans
  2 deep elf blademasters
  2 searing wretches
  29 acid blobs
  3 quicksilver dragons
  4 deep elf master archers (Elf:3)
  16 ancient champions
  8 sphinxes
  3 thorn hunters
  14 death cobs
  14 storm dragons
  8 tengu reavers
  7 shadow dragons
  Roxanne (Elf:1)
  5 draconian knights
  21 rockslimes
  8 draconian monks
  4 iron dragons
  13 frost giants
  21 azure jellies
  3 revenants (Crypt:3)
  4 nagarajas
  5 deep elf sorcerers (Elf:3)
  9 fire giants
  Louise (Snake:4)
  2 draconian scorchers
  8 balrugs
  5 draconian shifters
  Aizul (Snake:3)
  14 vault wardens
  3 ghost moths (Zot:4)
  3 juggernaut zombies
  An orc warlord (Vaults:3)
  4 cacodemons
  5 draconian stormcallers
  8 reapers
  6 deep elf elementalists
  6 war gargoyles
  6 ironbound thunderhulks
  5 curse skulls
  8 draconian annihilators
  A caustic shrike skeleton (Crypt:3)
  13 quicksilver oozes
  22 ironbound preservers
  17 ghouls
  A juggernaut skeleton (Crypt:3)
  10 green draconians
  4 deep elf demonologists
  9 very ugly things
  17 stone giants
  2 grey draconians (Depths:4)
  16 black draconians
  Azrael (Elf:2)
  17 vampire knights
  7 deep elf annihilators
  3 dire elephants (Vaults:4)
  3 eleionomae
  12 white draconians
  A bunyip (shapeshifter) (Vaults:4)
  4 yellow draconians
  2 bunyips
  12 red draconians
  16 purple draconians
  3 spark wasps (Depths:3)
  A minotaur (Gauntlet)
  Snorg (D:10)
  13 ettins
  A green death (Hell)
  10 jiangshi
  2 blizzard demons (Hell)
  9 deep elf death magi
  2 merfolk impalers (Depths:4)
  4 crystal guardians (Depths:1)
  15 fire dragons
  A merfolk javelineer (Depths:4)
  A shambling mangrove (Swamp:4)
  5 deep elf high priests
  12 yaktaur captains
  11 ice dragons
  4 rakshasas
  28 vault guards
  5 spriggan air magi
  13 great orbs of eyes
  22 hydras
  5 salamander tyrants
  Erolcha (Orc:2)
  A quicksilver dragon skeleton (Crypt:3)
  4 ogre magi
  19 centaur warriors
  15 ironbound frosthearts
  5 catoblepae
  3 death knights
  16 anacondas
  2 peacekeepers
  Erica (D:10)
  An anaconda (shapeshifter) (Vaults:3)
  A spriggan skeleton (Crypt:3)
  8 death yaks
  29 dancing weapons
  5 boulder beetles
  4 tengu warriors
  16 naga warriors
  The ghost of bairyn the Eclecticist, a journeyman SpRe of Sif Muna (Lair:1)
  5 alligators
  2 stokers
  5 two-headed ogres
  5 deep troll shamans
  24 hell hogs
  9 deep troll earth magi
  3 thrashing horrors (Lair:5)
  6 vampire magi
  A titan zombie (Crypt:1)
  5 shock serpents
  15 naga sharpshooters
  9 hell knights
  20 deep elf knights
  3 spriggan berserkers
  11 sun demons
  8 soul eaters
  Nergalle (Orc:2)
  Sonja (Lair:4)
  A sixfirhy (Depths:1)
  A skyshark (Lair:3)
  4 goliath frogs
  2 storm dragon zombies
  5 iron trolls
  10 salamander mystics
  69 deep trolls
  6 shadow wraiths
  A fire crab (shapeshifter) (Vaults:5)
  40 skeletal warriors
  4 flayed ghosts
  15 swamp dragons
  9 naga ritualists
  18 deep elf archers
  A shadow dragon zombie (D:15)
  A glowing orange brain (Depths:4)
  17 wizards
  4 spriggan druids
  3 spriggan simulacra
  2 orb spiders (Zot:4)
  A bunyip skeleton (Crypt:3)
  A tengu zombie (Vaults:4)
  14 phantasmal warriors
  Pikel (D:5)
  12 necromancers
  2 orange crystal statues
  13 ironbound convokers
  9 orc sorcerers
  6 bog bodies
  5 orc knights
  35 deep elf pyromancers
  An iron dragon zombie (Crypt:3)
  36 deep elf zephyrmancers
  39 ugly things
  34 salamanders
  10 cyclopes
  9 shining eyes
  An eleionoma zombie (Crypt:3)
  10 mana vipers
  An oklob plant (Lair:4)
  4 manticores
  28 moths of wrath
  16 elephants
  5 toenail golems (Volcano)
  A stone giant skeleton (D:15)
  Joseph (D:8)
  29 black mambas
  An elephant (shapeshifter) (Vaults:5)
  4 rust devils
  A demonic crawler (Hell)
  4 guardian serpents
  A moth of wrath (shapeshifter) (Vaults:5)
  A water nymph (shapeshifter) (Vaults:5)
  11 naga magi
  5 smoke demons
  2 molten gargoyles (Gauntlet)
  A cane toad (shapeshifter) (D:15)
  3 eyes of devastation (Slime:2)
  The ghost of azzazzello the Trooper, a novice FoFi (D:4)
  A fire giant skeleton (Crypt:2)
  A shock serpent skeleton (Crypt:2)
  14 cane toads
  19 vault sentinels
  5 large abominations
  5 gargoyles
  A sea snake zombie (Crypt:1)
  Maggie (D:8)
  8 komodo dragons
  28 yaktaurs
  5 freezing wraiths
  A komodo dragon (shapeshifter) (Elf:3)
  25 rime drakes
  2 tormentors
  An anaconda simulacrum (Swamp:1)
  An iron giant simulacrum (Crypt:3)
  5 tengu conjurers
  3 red devils
  4 ice devils
  An ancient zyme (Lair:5)
  A human skeleton (Vaults:4)
  4 harpy zombies (Crypt:3)
  2 bloated husks
  A hellwing (Depths:2)
  9 trolls
  8 hornets
  A wind drake (shapeshifter) (Vaults:5)
  19 polar bears
  2 spectral guardian serpents (Crypt:1)
  A tarantella (Zot:4)
  9 blink frogs
  A spriggan zombie (D:15)
  6 dream sheep (Lair:2)
  A wolf spider simulacrum (D:15)
  8 tyrant leeches
  A satyr zombie (Crypt:1)
  An ice dragon zombie (Crypt:2)
  An ettin zombie (Crypt:3)
  A centaur simulacrum (D:15)
  150 slime creatures
  2 jumping spiders (Zot:4)
  A meliai zombie (Crypt:2)
  4 air elementals
  4 wraiths
  3 ynoxinuls
  7 flying skulls
  A shadow (D:13)
  8 water elementals
  3 dire elephant simulacra
  4 vampires
  8 spriggans
  42 yaks
  6 wyverns
  An ice dragon skeleton (Crypt:3)
  6 fire elementals
  14 basilisks
  A yak (shapeshifter) (Lair:5)
  A human (shapeshifter) (Elf:1)
  7 golden eyes
  A human simulacrum (Vaults:4)
  Grum (D:9)
  An elf simulacrum (Vaults:4)
  4 chaos spawn
  3 steam dragons
  A neqoxec (Depths:2)
  33 nagas
  4 harpy simulacra
  17 swamp worms
  A faun zombie (Crypt:2)
  20 vampire mosquitoes
  5 floating eyes
  4 wargs
  A cane toad zombie (Crypt:2)
  3 acid dragons
  A merfolk skeleton (Crypt:3)
  13 water moccasins
  3 hell hounds
  9 swamp drakes
  2 black bears
  2 ice beasts
  A manticore zombie (Crypt:1)
  28 orc warriors
  A sky beast (D:8)
  An ettin simulacrum (Vaults:4)
  An ice beast (shapeshifter) (Elf:3)
  7 ogres
  A black bear (shapeshifter) (Elf:3)
  A black mamba simulacrum (Lair:1)
  A hog zombie (Crypt:3)
  3 boggarts (Vaults:2)
  16 centaurs
  2 lemures
  20 wolves
  2 phantoms
  Blork the orc (D:5)
  2 elf zombies (Elf:1)
  5 kobold brigands
  2 gnoll sergeants (D:6)
  9 bullfrogs
  4 necrophages (Crypt:2)
  A cane toad simulacrum (Lair:1)
  A scorpion (D:6)
  11 earth elementals
  A draconian skeleton (Crypt:2)
  8 wights
  An elephant simulacrum (Lair:1)
  5 killer bees (D:11)
  2 blink frog simulacra (Lair:1)
  2 water moccasin skeletons (D:4)
  A raiju skeleton (Crypt:3)
  10 electric eels
  3 howler monkeys
  A bullfrog zombie (D:4)
  7 lava snakes (Lair:2)
  18 orc priests
  A jelly (D:7)
  12 hounds
  Crazy Yiuf (D:2)
  Ijyb (D:3)
  A gnoll bouda (D:6)
  An iron imp (D:9)
  Natasha (thrice) (D:2)
  36 orc wizards
  A sleepcap (D:6)
  4 iguanas
  11 hell rats
  3 polar bear simulacra
  5 yak simulacra
  17 small abominations
  A killer bee zombie (D:4)
  3 wolf simulacra (D:11)
  A bullfrog simulacrum (Lair:1)
  A tengu skeleton (Crypt:1)
  Robin (D:3)
  12 gnolls
  16 adders
  4 river rats
  2 shadow imps (D:7)
  4 white imps
  An ufetubus (D:6)
  An iguana skeleton (Crypt:1)
  4 worms
  4 dart slugs
  120 orcs
  9 ball pythons
  8 endoplasms
  A giant cockroach (D:1)
  14 goblins
  20 hobgoblins
  3 jackals (D:1)
  23 kobolds
  3 quokkas (D:1)
  5 bats
  11 frilled lizards
  A hobgoblin skeleton (Crypt:2)
  A kobold zombie (Crypt:2)
  8 rats
  2 river rat simulacra (D:11)
  3 creeping infernos
  4 fire vortices
  A spectral weapon (Zot:5)
2753 creatures vanquished.

Vanquished Creatures (others)
  A salamander tyrant (Geh:1)
  A hell hog (Geh:2)
  A deep elf knight (Elf:2)
  A lindwurm (shapeshifter) (Vaults:5)
  A wizard (Volcano)
  2 deep elf zephyrmancers
  A hornet (Swamp:1)
  A goblin (D:7)
  A creeping inferno (Geh:2)
  A fire vortex (Geh:2)
  20 fulminant prisms
31 creatures vanquished.

Grand Total: 2784 creatures vanquished

Notes
Turn   | Place    | Note
-------+----------+-------------------------------------------
     0 | D:1      | spardeous the Demigod Conjurer began the quest for the Orb.
     0 | D:1      | Reached XP level 1. HP: 14/14 MP: 5/5
   323 | D:1      | Reached XP level 2. HP: 20/20 MP: 4/7
  1087 | D:1      | Reached XP level 3. HP: 26/26 MP: 5/9
  1473 | D:2      | Found Gumanez's Antique Weapon Boutique.
  1484 | D:2      | Learned a level 2 spell: Searing Ray
  2278 | D:2      | Noticed Natasha
  2284 | D:2      | Killed Natasha
  2285 | D:2      | Reached XP level 4. HP: 25/33 MP: 3/11
  2374 | D:2      | Noticed Natasha
  2381 | D:2      | Killed Natasha
  2387 | D:2      | Learned a level 4 spell: Iskenderun's Mystic Blast
  2568 | D:2      | Found a runed translucent door.
  2569 | D:2      | Noticed Crazy Yiuf
  2891 | D:2      | Noticed Natasha
  2896 | D:2      | Killed Natasha
  2940 | D:3      | Noticed Ijyb
  3241 | D:3      | Reached skill level 5 in Conjurations
  3241 | D:3      | Reached XP level 5. HP: 36/38 MP: 0/13
  3385 | D:2      | Learned a level 3 spell: Stone Arrow
  3578 | D:3      | Killed Ijyb
  3579 | D:3      | Reached skill level 1 in Earth Magic
  4041 | D:3      | Noticed Robin
  4048 | D:3      | Killed Robin
  4049 | D:3      | Reached XP level 6. HP: 42/45 MP: 3/14
  4823 | D:4      | Found a runed translucent gate.
  4823 | D:4      | Found a runed translucent gate.
  4823 | D:4      | Found a runed translucent gate.
  4825 | D:4      | Noticed azzazzello's ghost (novice FoFi)
  5165 | D:4      | Found a glowing drain.
  5177 | Sewer    | Entered a sewer
  5699 | Sewer    | Reached XP level 7. HP: 31/50 MP: 2/15
  6720 | D:5      | Entered Level 5 of the Dungeon
  6744 | D:5      | Noticed Pikel
  6858 | D:5      | Killed Pikel
  7090 | D:5      | Reached XP level 8. HP: 51/57 MP: 2/16
  7601 | D:5      | Noticed Blork the orc
  7619 | D:5      | Killed Blork the orc
  8412 | D:6      | Found Zusojy's Distillery.
  8419 | D:6      | Bought a potion of heal wounds for 55 gold pieces
  8700 | D:6      | Found a staircase to the Ecumenical Temple.
  9429 | D:6      | Reached XP level 9. HP: 56/62 MP: 9/19
  9817 | D:6      | Reached skill level 5 in Spellcasting
 10331 | D:2      | Killed Crazy Yiuf
 10790 | D:4      | Killed azzazzello's ghost
 10791 | D:4      | Reached skill level 10 in Conjurations
 10983 | D:7      | Found a flagged portal.
 11020 | Bailey   | Entered a bailey
 11257 | Bailey   | Noticed an orc knight
 11536 | Bailey   | Killed an orc knight
 12139 | D:7      | Noticed a cyclops
 12149 | D:7      | Reached XP level 10. HP: 69/69 MP: 14/26
 12150 | D:7      | Killed a cyclops
 13471 | D:8      | Noticed Maggie
 13471 | D:8      | Noticed Joseph
 13487 | D:8      | Killed Maggie
 13616 | D:8      | Killed Joseph
 13769 | D:8      | Found Ea-nāṣir's Fine Metal Goods.
 14087 | D:8      | Found Awiq's Distillery.
 14095 | D:8      | Bought a potion of heal wounds for 60 gold pieces
 14095 | D:8      | Bought a potion of curing for 36 gold pieces
 14095 | D:8      | Bought a potion of haste for 120 gold pieces
 14095 | D:8      | Bought a potion of flight for 36 gold pieces
 14285 | D:8      | Reached skill level 10 in Spellcasting
 14445 | D:8      | Noticed a two-headed ogre
 14450 | D:8      | Killed a two-headed ogre
 15080 | D:9      | Noticed a two-headed ogre
 15085 | D:9      | Killed a two-headed ogre
 15086 | D:9      | Reached skill level 5 in Translocations
 15161 | D:9      | Noticed Grum
 15183 | D:9      | Killed Grum
 15684 | D:9      | Found Pixzuod's Antique Weapon Shop.
 16045 | D:10     | Entered Level 10 of the Dungeon
 16217 | D:10     | Reached XP level 11. HP: 59/74 MP: 8/30
 16477 | D:10     | Noticed Erica
 16486 | D:10     | Killed Erica
 16715 | D:10     | Found a staircase to the Lair.
 17205 | D:10     | Found the sphere of Battle
 17205 | D:10     | Noticed Snorg
 17215 | D:10     | Killed Snorg
 17216 | D:10     | Reached skill level 3 in Armour
 17218 | D:10     | Reached skill level 4 in Armour
 17379 | D:10     | Reached skill level 5 in Armour
 17743 | D:10     | Reached skill level 6 in Armour
 17968 | D:11     | Reached skill level 7 in Armour
 18000 | D:11     | Reached skill level 8 in Armour
 18189 | D:11     | Reached skill level 9 in Armour
 18569 | D:11     | Noticed a necromancer
 18577 | D:11     | Killed a necromancer
 18578 | D:11     | Reached skill level 10 in Armour
 18849 | D:12     | Reached skill level 1 in Shields
 18934 | D:12     | Noticed a two-headed ogre
 18937 | D:12     | Killed a two-headed ogre
 18943 | D:12     | Noticed a two-headed ogre
 19032 | D:12     | Killed a two-headed ogre
 19033 | D:12     | Reached XP level 12. HP: 65/81 MP: 20/31
 19109 | D:12     | Reached skill level 5 in Shields
 19223 | D:12     | Reached skill level 1 in Fighting
 19335 | D:12     | Identified the amulet "Sunuk" {Will+ Regen+}
 19431 | D:12     | Found a staircase to the Orcish Mines.
 19770 | D:13     | Noticed a centaur warrior
 19854 | D:13     | Killed a centaur warrior
 19930 | D:13     | Reached skill level 5 in Fighting
 19958 | D:13     | Noticed a centaur warrior
 19963 | D:13     | Killed a centaur warrior
 20536 | D:13     | Noticed a centaur warrior
 20548 | D:13     | Killed a centaur warrior
 22200 | D:14     | Noticed a boulder beetle
 22208 | D:14     | Killed a boulder beetle
 22255 | D:14     | Noticed a centaur warrior
 22260 | D:14     | Killed a centaur warrior
 22498 | D:14     | Noticed a centaur warrior
 22509 | D:14     | Killed a centaur warrior
 22626 | D:14     | Identified the amulet "Oqoewn" {-Tele Regen+ Str+5}
 22627 | D:14     | Identified a scroll of acquirement
 22680 | D:14     | Reached XP level 13. HP: 89/105 MP: 4/33
 22731 | D:14     | Found Neqiw's Antique Weapon Shoppe.
 23178 | D:14     | Found a gate to the Vaults.
 23501 | Lair:1   | Entered Level 1 of the Lair of Beasts
 23501 | Lair:1   | Found a gate leading to a gauntlet.
 23509 | Lair:1   | Found a runed translucent gate.
 23510 | Lair:1   | Found a runed translucent gate.
 23511 | Lair:1   | Found a runed translucent gate.
 23587 | Gauntlet | Entered a Gauntlet
 23587 | Gauntlet | Found a transporter.
 23587 | Gauntlet | Found a transporter.
 23619 | Gauntlet | Found a transporter.
 23637 | Gauntlet | Found a transporter.
 23639 | Gauntlet | Found a transporter.
 23639 | Gauntlet | Found a transporter.
 23640 | Gauntlet | Found a transporter.
 23655 | Gauntlet | Found a transporter.
 23660 | Gauntlet | Found a runed translucent door.
 23666 | Gauntlet | Found the ring of the Octopus King
 23667 | Gauntlet | Found a transporter.
 23677 | Gauntlet | Found a transporter.
 23691 | Gauntlet | Found a transporter.
 23711 | Gauntlet | Found a transporter.
 23711 | Gauntlet | Found a transporter.
 23727 | Gauntlet | Found a transporter.
 23759 | Gauntlet | Identified the +0 cloak of Immorality {rN+ Regen+ Str-4
                  | Int+2}
 23919 | Gauntlet | Identified the +0 pair of boots "Uvocwung" {Will+}
 23944 | Gauntlet | Identified the +11 short sword of Enoi {spect, Fly}
 23944 | Gauntlet | Identified the ring "Gyedwan" {Ice Str+5 Dex-5 SInv}
 23944 | Gauntlet | Noticed a minotaur
 23958 | Gauntlet | Killed a minotaur
 24088 | Lair:1   | Acquired 1120 gold pieces
 24305 | Lair:1   | Identified the +2 ring mail of Wu Jian's Supremacy {Str+4
                  | Int-4}
 24437 | Lair:1   | Reached skill level 10 in Translocations
 24558 | Lair:1   | Learned a level 5 spell: Yara's Violent Unravelling
 24588 | Lair:1   | Noticed bairyn's ghost (journeyman SpRe)
 24839 | Lair:1   | Killed bairyn's ghost
 24968 | Lair:1   | Got the ring of Kewn {Fire Int+3}
 25999 | Lair:2   | Found a staircase to the Snake Pit.
 26252 | Lair:3   | Learned a level 7 spell: Storm Form
 26401 | Lair:3   | Reached XP level 14. HP: 108/113 MP: 25/36
 26464 | Lair:3   | Reached skill level 5 in Dodging
 27003 | Lair:3   | Found a staircase to the Swamp.
 27188 | Lair:4   | Noticed Sonja
 27196 | Lair:4   | Killed Sonja
 27759 | Lair:4   | Reached skill level 10 in Dodging
 27775 | Lair:4   | Identified the +1 plate armour "Xibatosm" {Drain Fly rN+++
                  | Str+5}
 27886 | Lair:4   | Identified the +6 shortbow "Acemnemai" {flame, rElec rF++
                  | Stlth-}
 28283 | Lair:5   | Entered Level 5 of the Lair of Beasts
 28283 | Lair:5   | Noticed Rupert
 28291 | Lair:5   | Killed Rupert
 28292 | Lair:5   | Reached skill level 11 in Armour
 28423 | Lair:5   | Found a staircase to the Slime Pits.
 28530 | Lair:5   | Reached skill level 12 in Armour
 29099 | Lair:5   | Reached skill level 1 in Transmutations
 29272 | Lair:5   | Got the Almanac of Reconstruction and Cleavage
 29466 | Lair:5   | Reached XP level 15. HP: 120/121 MP: 25/37
 29593 | Lair:5   | Found a one-way gate to the infinite horrors of the Abyss.
 30086 | Orc:1    | Entered Level 1 of the Orcish Mines
 30165 | Orc:1    | Reached skill level 5 in Transmutations
 30393 | Orc:1    | Found a dark tunnel.
 30405 | Volcano  | Entered a volcano
 31641 | Orc:2    | Entered Level 2 of the Orcish Mines
 32137 | Orc:2    | Found a staircase to the Elven Halls.
 32172 | Orc:2    | Found Iblocih's CLEARANCE SALE!.
 32285 | Orc:2    | Noticed Erolcha
 32294 | Orc:2    | Killed Erolcha
 32336 | Orc:2    | Found Taijo's Book Boutique.
 32345 | Orc:2    | Noticed Nergalle
 32355 | Orc:2    | Killed Nergalle
 32426 | Orc:2    | Bought a book of Unlife for 360 gold pieces
 32433 | Orc:2    | Learned a level 5 spell: Borgnjor's Vile Clutch
 32460 | Orc:2    | Found Ungolybb's Distillery.
 32462 | Orc:2    | Found Talot's Book Shop.
 32474 | Orc:2    | Found Meas's Antique Armour Shop.
 32484 | Orc:2    | Bought the +3 pair of mountain boots {steadfast, rC+} for
                  | 1172 gold pieces
 32484 | Orc:2    | Found the +3 pair of mountain boots {steadfast, rC+}
 33068 | D:2      | Bought a runed demon blade for 432 gold pieces
 33362 | Orc:2    | Bought a book of the Warp for 588 gold pieces
 33367 | Orc:2    | Learned a level 4 spell: Manifold Assault
 33551 | D:9      | Bought a shimmering scimitar for 234 gold pieces
 33551 | D:9      | Identified the +6 scimitar of Wu Jian {protect, rElec} (You
                  | bought it in a shop on level 9 of the Dungeon)
 33702 | D:14     | Bought a crude scimitar for 279 gold pieces
 33702 | D:14     | Identified the +3 scimitar "Ruyqec" {drain, rPois rF+++
                  | Int-2 SInv} (You bought it in a shop on level 14 of the
                  | Dungeon)
 33745 | D:15     | Entered Level 15 of the Dungeon
 33823 | D:15     | Reached skill level 1 in Necromancy
 34382 | D:15     | Reached skill level 5 in Necromancy
 34545 | D:15     | Found a staircase to the Depths.
 35069 | D:15     | Reached XP level 16. HP: 128/128 MP: 38/38
 35253 | Swamp:1  | Entered Level 1 of the Swamp
 35432 | Swamp:1  | Found a frozen archway.
 35494 | IceCv    | Entered an ice cave
 35757 | IceCv    | Found the +4 skin of Zhor {*Englaciate rC+++ SInv}
 35816 | IceCv    | Reached skill level 10 in Necromancy
 36083 | IceCv    | Learned a level 4 spell: Fulminant Prism
 36151 | IceCv    | Reached XP level 17. HP: 134/134 MP: 25/39
 36353 | IceCv    | Noticed a shard shrike
 36359 | IceCv    | Killed a shard shrike
 36764 | Swamp:1  | Identified the staff of earth "Siur" {*Slow rF+ rC++ Int+3}
 37137 | Swamp:2  | Noticed Nikola
 37213 | Swamp:2  | Killed Nikola
 37407 | Swamp:2  | Learned a level 5 spell: Lee's Rapid Deconstruction
 37633 | Swamp:2  | Reached skill level 10 in Transmutations
 38018 | Swamp:3  | Reached skill level 5 in Earth Magic
 38494 | Swamp:3  | Identified the +10 long sword "Yfasm" {heavy, *Corrode
                  | Int+2 Stlth+}
 38694 | Swamp:4  | Entered Level 4 of the Swamp
 38778 | Swamp:4  | Noticed a tentacled monstrosity
 38788 | Swamp:4  | Killed a tentacled monstrosity
 39096 | Swamp:4  | Identified the +1 great mace "Pumaf" {venom, rElec Int+5
                  | Stlth+}
 39854 | Swamp:4  | Got a decaying rune of Zot
 39912 | Swamp:4  | Reached skill level 1 in Axes
 40492 | Elf:1    | Entered Level 1 of the Elven Halls
 40673 | Elf:1    | Found Dicaff's Weapon Shop.
 40802 | Orc:2    | Learned a level 5 spell: Arcjolt
 40916 | Elf:1    | Reached skill level 5 in Axes
 41004 | Elf:1    | Identified Roxanne's Incunable of Transmigration
 41004 | Elf:1    | Noticed Roxanne
 41322 | Elf:1    | Got the Spellbook of Unhallowed Mysteries
 41762 | Elf:2    | Reached XP level 18. HP: 128/141 MP: 28/40
 42046 | Elf:2    | Identified the +4 spear "Beanaq" {heavy, *Noise Str+3
                  | Int+3}
 42332 | Elf:2    | Found a runed translucent gate.
 42332 | Elf:2    | Found a runed translucent gate.
 42332 | Elf:2    | Found a runed translucent gate.
 42518 | Elf:2    | Noticed Azrael
 42532 | Elf:2    | Killed Azrael
 42716 | Elf:2    | Reached skill level 10 in Axes
 43718 | Elf:1    | Killed Roxanne
 43758 | Elf:1    | Learned a level 6 spell: Statue Form
 44053 | Snake:1  | Entered Level 1 of the Snake Pit
 44053 | Snake:1  | Found a transporter.
 44198 | Snake:1  | Found a transporter.
 44343 | Snake:1  | Found a transporter.
 44405 | Snake:1  | Found a transporter.
 44715 | Snake:1  | Noticed Mlioglotl
 44727 | Snake:1  | Killed Mlioglotl
 44796 | Snake:1  | Found a transporter.
 44800 | Snake:1  | Found a transporter.
 45758 | Snake:2  | Noticed Jorgrun
 45766 | Snake:2  | Killed Jorgrun
 46630 | Snake:3  | Noticed Vashnia
 46731 | Snake:2  | Learned a level 3 spell: Stone Arrow
 46737 | Snake:3  | Killed Vashnia
 47131 | Snake:3  | Reached XP level 19. HP: 82/148 MP: 7/42
 47638 | Snake:3  | Noticed Aizul
 47651 | Snake:3  | Killed Aizul
 47991 | Snake:3  | Noticed Saint Roka
 48010 | Snake:3  | Killed Saint Roka
 48197 | Snake:3  | Reached skill level 10 in Fighting
 48445 | Snake:4  | Entered Level 4 of the Snake Pit
 48572 | Snake:4  | Noticed Louise
 48593 | Snake:4  | Killed Louise
 48713 | Snake:4  | Found Heiqaigy's Jewellery Emporium.
 49281 | Snake:4  | Found Arric's Book Boutique.
 49282 | Snake:4  | Found Pyov Gonk's Jewellery Emporium.
 50232 | Snake:4  | Got a serpentine rune of Zot
 50414 | Snake:4  | Bought the ring "Ulimoc" {rC+ Will++ Str+3 Dex-2 Stlth+}
                  | for 1068 gold pieces
 50670 | Elf:3    | Entered Level 3 of the Elven Halls
 51520 | Elf:3    | Found Inel's Assorted Antiques.
 51525 | Elf:3    | Bought a scroll of teleportation for 93 gold pieces
 51525 | Elf:3    | Bought a potion of heal wounds for 155 gold pieces
 51984 | Elf:3    | Identified the +5 morningstar of Rerchoent {freeze, Fragile
                  | rF+++ Str+6 Dex-5}
 52139 | Elf:3    | Identified the ring "Vomnevea" {rElec Will+ rCorr Str+3
                  | Dex-2}
 52205 | Elf:3    | Identified the +4 short sword of Dim Light {protect, rElec
                  | Will- Dex+4}
 52392 | Elf:3    | Reached XP level 20. HP: 158/174 MP: 36/43
 52448 | Elf:3    | Paralysed by an air elemental for 1 turns
 53416 | Elf:3    | Identified the staff of death "Jethuh" {rF+ rN+ Str+4
                  | Int+2}
 53585 | Elf:3    | Gained mutation: You are weak. (Str -2) [potion of
                  | mutation]
 53586 | Elf:3    | Lost mutation: You are weak. (Str -2) [potion of mutation]
 53586 | Elf:3    | Gained mutation: Your body sometimes deteriorates upon
                  | taking damage. [potion of mutation]
 53586 | Elf:3    | Gained mutation: You possess an exceptional clarity of
                  | mind. [potion of mutation]
 53587 | Elf:3    | Lost mutation: You possess an exceptional clarity of mind.
                  | [potion of mutation]
 53587 | Elf:3    | Lost mutation: Your body sometimes deteriorates upon taking
                  | damage. [potion of mutation]
 53587 | Elf:3    | Gained mutation: You are partially covered in iridescent
                  | scales. (AC +2) [potion of mutation]
 53587 | Elf:3    | Lost mutation: You are partially covered in iridescent
                  | scales. (AC +2) [potion of mutation]
 53587 | Elf:3    | Gained mutation: You occasionally lose the ability to read
                  | scrolls when taking damage. [potion of mutation]
 53587 | Elf:3    | Gained mutation: Your mind is acute. (Int +4, Str/Dex -1)
                  | [potion of mutation]
 53588 | Elf:3    | Lost mutation: Your mind is acute. (Int +4, Str/Dex -1)
                  | [potion of mutation]
 53588 | Elf:3    | Lost mutation: You occasionally lose the ability to read
                  | scrolls when taking damage. [potion of mutation]
 53588 | Elf:3    | Gained mutation: You are partially covered in large bone
                  | plates. (SH +4) [potion of mutation]
 53728 | Orc:2    | Bought a manual of Shields for 1120 gold pieces
 53879 | Depths:1 | Entered Level 1 of the Depths
 54018 | Depths:1 | Found Qavipru's Weapon Emporium.
 54977 | Depths:1 | Found a one-way gate leading to the halls of Pandemonium.
 55131 | Depths:1 | Found a gateway to Hell.
 55334 | Depths:1 | Found a runed translucent door.
 55385 | Depths:1 | Reached skill level 10 in Earth Magic
 55601 | Depths:1 | Found the +7 great mace "Undeadhunter" {deathbane, rN+}
 55816 | Depths:1 | Identified the +4 shortbow "Arcanum" {flame, rF+ Str+3
                  | Dex-2}
 55943 | Depths:2 | Paralysed by a floating eye for 4 turns
 56853 | Depths:2 | Learned a level 6 spell: Iron Shot
 57720 | Depths:2 | Found a one-way gateway to a ziggurat.
 58777 | Depths:3 | Reached skill level 10 in Shields
 59620 | Depths:3 | Reached skill level 13 in Armour
 60086 | Depths:3 | Reached skill level 14 in Armour
 60723 | Depths:4 | Entered Level 4 of the Depths
 60728 | Depths:4 | Noticed a juggernaut
 60868 | Depths:3 | Killed a juggernaut
 60869 | Depths:3 | Reached skill level 15 in Armour
 61077 | Depths:4 | Reached XP level 21. HP: 118/181 MP: 37/45
 61292 | Depths:4 | Reached skill level 16 in Armour
 61354 | Depths:3 | Learned a level 4 spell: Cause Fear
 61739 | Depths:4 | Reached skill level 15 in Fighting
 61871 | Depths:4 | Identified the +4 chain mail of Dishonour {rElec rF+
                  | Stlth-}
 62689 | Depths:4 | Noticed a golden dragon
 62704 | Depths:4 | Killed a golden dragon
 63086 | Depths:4 | Found a gate to the Realm of Zot.
 63307 | Hell     | Entered the Vestibule of Hell
 63307 | Hell     | Noticed Geryon
 63316 | Hell     | Gained mutation: You are dopey. (Int -2) [a cacodemon]
 63320 | Hell     | Gained mutation: You are very dopey. (Int -4) [a cacodemon]
 63321 | Hell     | Gained mutation: You are clumsy. (Dex -2) [a cacodemon]
 63322 | Hell     | Gained mutation: You occasionally lose the ability to read
                  | scrolls when taking damage. [a cacodemon]
 63623 | Orc:2    | Bought a book of the Hunter for 260 gold pieces
 63639 | Orc:2    | Bought a potion of mutation for 120 gold pieces
 63639 | Orc:2    | Bought a potion of haste for 150 gold pieces
 63639 | Orc:2    | Bought a potion of resistance for 150 gold pieces
 63863 | D:6      | Bought a potion of heal wounds for 55 gold pieces
 63863 | D:6      | Bought 2 potions of heal wounds for 110 gold pieces
 63863 | D:6      | Bought a potion of mutation for 88 gold pieces
 63869 | D:6      | Learned a level 4 spell: Leda's Liquefaction
 64100 | Hell     | Reached skill level 15 in Spellcasting
 64483 | Hell     | Killed Geryon
 64789 | Hell     | Reached skill level 15 in Axes
 64867 | Hell     | Found a gateway to the decaying netherworld of Tartarus.
 65175 | Hell     | Found a gateway to the Iron City of Dis.
 65387 | Hell     | Found a gateway to the ashen valley of Gehenna.
 65657 | Hell     | Found a gateway to the freezing wastes of Cocytus.
 65787 | Depths:1 | Lost mutation: You are very dopey. (Int -4) [potion of
                  | mutation]
 65787 | Depths:1 | Lost mutation: You are dopey. (Int -2) [potion of mutation]
 65787 | Depths:1 | Gained mutation: Your mind is acute. (Int +4, Str/Dex -1)
                  | [potion of mutation]
 65788 | Depths:1 | Lost mutation: You are partially covered in large bone
                  | plates. (SH +4) [potion of mutation]
 65788 | Depths:1 | Lost mutation: You are clumsy. (Dex -2) [potion of
                  | mutation]
 65788 | Depths:1 | Gained mutation: Your system is resistant to poisons.
                  | (rPois) [potion of mutation]
 65788 | Depths:1 | Gained mutation: You expend magic power (3 MP) to
                  | strengthen your wands. [potion of mutation]
 65909 | Vaults:1 | Entered Level 1 of the Vaults
 66115 | Vaults:1 | Found Laape's General Store.
 66685 | Vaults:1 | Found Qasihosk's Weapon Emporium.
 66809 | Vaults:1 | Found Waireel's Weapon Shop.
 66809 | Vaults:1 | Found Ostrovol's Book Emporium.
 66912 | Vaults:1 | Reached XP level 22. HP: 178/192 MP: 36/47
 68049 | Vaults:2 | Identified the +10 arbalest of the Flying Gods {freeze, rN+
                  | MP+9}
 68253 | Vaults:2 | Found a gateway to a bazaar.
 68659 | Vaults:2 | Found the +3 robe of Clouds {*Thunder rCloud rElec}
 68677 | Vaults:2 | Identified the +1 robe of Ydoerese {rPois rN+ Int-2}
 68692 | Vaults:2 | Found the +1 robe of Vines {NoPotionHeal Regen++++}
 69098 | Vaults:2 | Identified the +5 plate armour of the Everdark {rElec rF+}
 70621 | Vaults:3 | Found Rejuabux's Distillery.
 70768 | Vaults:3 | Found Dotziet's Book Shoppe.
 70768 | Vaults:3 | Found Ihadim's Antique Armour Shoppe.
 71097 | Vaults:3 | Found a staircase to the Crypt.
 72132 | Vaults:4 | Found Bur Jen's Distillery.
 72430 | Vaults:4 | Reached skill level 17 in Armour
 72745 | Vaults:4 | Reached XP level 23. HP: 181/199 MP: 35/48
 73042 | Crypt:1  | Entered Level 1 of the Crypt
 76748 | Crypt:3  | Entered Level 3 of the Crypt
 76937 | Crypt:3  | Found a staircase to the Tomb.
 77150 | Vaults:1 | Bought a scroll of acquirement for 884 gold pieces
 77152 | Vaults:1 | Acquired 823 gold pieces
 79180 | Crypt:3  | Identified the +1 demon blade of the Summoning Pariah
                  | {freeze, rPois rF- rN+++ rCorr}
 79221 | Crypt:3  | Got Peep's Elucidation of the Mortuary
 79873 | Slime:1  | Entered Level 1 of the Pits of Slime
 79881 | Slime:1  | Gained mutation: Your natural rate of healing is unusually
                  | fast. [a shining eye]
 79959 | Slime:1  | Learned a level 8 spell: Necromutation
 81482 | Slime:2  | Reached XP level 24. HP: 127/206 MP: 17/48
 82093 | Slime:3  | Gained mutation: You occasionally lose the ability to drink
                  | potions when taking damage. [a shining eye]
 82876 | Slime:3  | Reached skill level 15 in Necromancy
 83697 | Slime:5  | Entered Level 5 of the Pits of Slime
 84566 | Slime:5  | Noticed the Royal Jelly
 84912 | Vaults:4 | Lost mutation: You occasionally lose the ability to read
                  | scrolls when taking damage. [potion of mutation]
 84912 | Vaults:4 | Lost mutation: You occasionally lose the ability to drink
                  | potions when taking damage. [potion of mutation]
 84912 | Vaults:4 | Lost mutation: You expend magic power (3 MP) to strengthen
                  | your wands. [potion of mutation]
 84912 | Vaults:4 | Gained mutation: You occasionally lose the ability to drink
                  | potions when taking damage. [potion of mutation]
 84916 | Vaults:4 | Learned a level 2 spell: Sublimation of Blood
 84927 | Vaults:5 | Entered Level 5 of the Vaults
 85119 | Vaults:5 | Noticed a dread lich
 85120 | Vaults:5 | Reached skill level 18 in Armour
 85320 | Vaults:5 | Killed a dread lich
 85465 | Vaults:5 | Reached skill level 19 in Armour
 85812 | Vaults:5 | Noticed an ancient lich
 85823 | Vaults:5 | Killed an ancient lich
 86078 | Vaults:5 | Found Izxyteep's General Store.
 86180 | Vaults:5 | Got the Volume of Stones and the Legion
 86186 | Vaults:5 | Identified the staff of death "Qaetz" {rElec rF+ rN+ Will+
                  | Str+2}
 86338 | Vaults:5 | Identified the staff of cold "Gadugh" {rF+ rC+}
 86383 | Vaults:5 | Noticed Bai Suzhen
 86511 | Vaults:5 | Killed Bai Suzhen
 86771 | Vaults:5 | Identified the staff of poison "Bogub" {rElec rPois rCorr
                  | Str-4}
 86778 | Vaults:5 | Got a silver rune of Zot
 86970 | Vaults:5 | Reached skill level 15 in Transmutations
 87171 | Vaults:5 | Identified the +1 plate armour of the Ecumenical Temple
                  | {Will++ Int+3}
 87325 | Vaults:5 | Noticed a dread lich
 87340 | Vaults:5 | Killed a dread lich
 87550 | Vaults:5 | Found Ynejaph's Armour Shoppe.
 87664 | Bazaar   | Entered a bazaar
 87673 | Bazaar   | Found Jaesu's Antique Weapon Emporium.
 87686 | Bazaar   | Found Cong's Antique Weapon Shoppe.
 87703 | Bazaar   | Found Orhaink's Antique Armour Shoppe.
 87714 | Bazaar   | Found Kiaz Udadu's Antique Armour Emporium.
 87737 | Bazaar   | Bought a pair of glowing gloves for 187 gold pieces
 87751 | Bazaar   | Bought a faintly humming plate armour for 700 gold pieces
 87751 | Bazaar   | Identified the +10 plate armour of the Jackalope {*Slow
                  | rPois Regen+ Int+4} (You bought it in a shop in a bazaar)
 87818 | Vaults:3 | Bought a polished scale mail for 234 gold pieces
 87818 | Vaults:3 | Identified the +0 scale mail "Lerif" {rC+} (You bought it
                  | in a shop on level 3 of the Vaults)
 88669 | Slime:5  | Killed the Royal Jelly
 88670 | Slime:5  | Reached XP level 25. HP: 149/221 MP: 43/48
 89052 | Slime:5  | Identified the staff of poison "Oheuq" {rPois Dex+3}
 89088 | Slime:5  | Identified the ring "Uliadwum" {Ice +Blink SInv}
 89113 | Slime:5  | Identified the ring of Juqeg {Wiz rF++ Str-2}
 89122 | Slime:5  | Identified the staff of cold "Noigeyl" {rPois rC+ rN+
                  | Dex-4}
 89123 | Slime:5  | Identified the +6 trident "Paemonyi" {flame, rElec Will-
                  | Dex+4 Stlth+}
 89127 | Slime:5  | Got the Encyclopedia of Calefaction and Pestilence
 89263 | Slime:5  | Got a slimy rune of Zot
 90548 | Zot:1    | Entered Level 1 of the Realm of Zot
 90730 | Zot:1    | Found a transporter.
 91940 | Zot:1    | Found a transporter.
 94221 | Zot:3    | Identified the +1 longbow of the Old World {drain, +Blink
                  | rElec Stlth+}
 94705 | Zot:3    | Identified the +1 helmet of Blue Skies {Harm rC+ Int-5
                  | Stlth+}
 94719 | Zot:3    | Reached skill level 5 in Stealth
 95015 | Zot:3    | Reached skill level 15 in Earth Magic
 96468 | Zot:5    | Entered Level 5 of the Realm of Zot
 96507 | Zot:4    | Noticed Vv
 96789 | Zot:5    | Killed Vv
 96838 | Zot:5    | Reached skill level 20 in Armour
 97601 | Zot:4    | Identified the +9 glaive "Yhuor" {freeze, Int+4}
 97819 | Zot:4    | Reached XP level 26. HP: 221/228 MP: 1/49
100964 | Zot:5    | Noticed a dread lich
100972 | Zot:5    | Killed a dread lich
101006 | Zot:5    | Noticed an orb of fire
101021 | Zot:5    | Noticed a dread lich
101025 | Zot:5    | Noticed an orb of fire
101321 | Zot:5    | Gained mutation: Your body sometimes deteriorates upon
                  | taking damage. [an orb of fire]
101322 | Zot:5    | Gained mutation: You are somewhat resistant to further
                  | mutation. [an orb of fire]
101330 | Zot:5    | Killed an orb of fire
101790 | Zot:5    | Killed an orb of fire
102119 | Zot:1    | Learned a level 9 spell: Shatter
102361 | Vaults:1 | Bought a ring of wizardry for 510 gold pieces
102661 | Zot:1    | Identified the +1 broad axe of Hezxeynk {heavy, rF+ rC+
                  | Str+2}
102686 | Zot:1    | Identified the ring of Geir {rCorr Str+2 Int+5 Dex-5}
102933 | Zot:1    | Noticed an orb of fire
103297 | Zot:1    | Killed an orb of fire
103702 | Zot:1    | Lost mutation: Your natural rate of healing is unusually
                  | fast. [a cacodemon]
104038 | Zot:1    | Identified the amulet "Wajupo" {Reflect Rampage Int+4 SH+5}
104737 | Geh:1    | Entered Level 1 of Gehenna
105297 | Geh:2    | Killed from afar by a Brimstone Fiend

Illustrated notes

Levels and vault maps discovered:
D:1:      minmay_arrival_jagged, layout_basic, minmay_hexomino_f4
D:2:      layout_loops_corners, serial_shops, nicolae_square_shop,
          minmay_randomly_rotated_circles, uniq_natasha, uniq_crazy_yiuf_cottage
D:3:      layout_loops_ring, nicolae_overflow_ecumenical_swirl,
          mainiacjoe_overflow_tiny_flanked, lightli_corner_chamber, uniq_robin,
          uniq_ijyb
D:4:      layout_loops_ring, gammafunk_ghost_necromancy,
          lightli_sewer_entry_pipes
D:5:      layout_basic, nicolae_gozag_cash_rules_everything_around_me,
          uniq_pikel, uniq_blork_the_orc
D:6:      kennysheep_housing_project, layout_gridville,
          mainiacjoe_overflow_paths, kennysheep_mini,
          minmay_temple_entry_poolview, serial_shops, nicolae_shop_trees,
          nicolae_figureground_pulse
D:7:      layout_basic, old_standard_altar, old_standard_altar,
          mainiacjoe_overflow_six_doors_small, enter_bailey_5,
          minmay_tree_intersection, minmay_manual_macuahuitl
D:8:      layout_layer_cave, nicolae_qazlal_general_emergency,
          lemuel_crystal_altar, lemuel_doored_altar, lemuel_crystal_altar,
          serial_shops, nicolae_shop_stone, nicolae_ea-nasir_strikes_again,
          uniq_maggie, uniq_joseph
D:9:      layout_stronghold, slow_altar_1, serial_shops, shop, uniq_grum
D:10:     layout_basic, nicolae_ru_the_path_less_chosen, old_standard_altar,
          erik_lair_island, special_room [special_room_orc],
          hellmonk_guarded_unrand_sphere_of_battle, uniq_snorg, uniq_erica
D:11:     layout_small_grid, eino_house_with_fridge
D:12:     layout_rooms, hiddenorc2_lemuel
D:13:     layout_rooms
D:14:     layout_layer_cave, erik_vaults_1, nemelex_diamond_rough_becter,
          serial_shops, nicolae_shop_real_fake_doors
D:15:     gammafunk_depths_entry_grave, layout_long_grid, xom_teletrap_fun,
          minmay_shattered_shrine
Lair:1:   layout_loops_ring, gauntlet_entry_generic, gammafunk_ghost_icy,
          lemuel_old_faithful
Lair:2:   layout_layer_cave, nicolae_snake_entry_warm_welcome,
          nicolae_lair_liquid_snakes
Lair:3:   layout_chaotic_city, nicolae_swamp_entry_splash_gauntlet,
          infiniplex_staircase_pool
Lair:4:   beast_lair_carwin_large_4, layout_long_grid,
          hangedman_lair_unloving_vines, lemuel_oklob_altar, grunt_megastairs_2,
          uniq_sonja
Lair:5:   hellmonk_lair_end_abyssal_woods, layout_hall_layers, slime_entry_1,
          basic_altar, uniq_rupert
Swamp:1:  layout_basic_swamp, portal_ice_cave_entry_ice_simulacra,
          lemuel_altar_in_water, swamp_pool1
Swamp:2:  layout_basic_swamp, nicolae_swamp_ascending_descending, uniq_nikola
Swamp:3:  layout_basic_swamp, evilmike_swamp_ruin_house_1
Swamp:4:  swamp, layout_basic_swamp, nicolae_swamp_little_swirl
Snake:1:  layout_cave_shapes, serial_nicolae_subway, nicolae_sub_station_stone,
          nicolae_sub_station_crystal, nicolae_sub_station_metal, uniq_mlioglotl
Snake:2:  layout_grid_maze, nicolae_snake_gridmaze_spiral, uniq_jorgrun
Snake:3:  layout_honeycomb, uniq_saint_roka, uniq_vashnia, uniq_aizul
Snake:4:  grunt_snake_rune_pools, layout_cave_town, minmay_shop_grove,
          uniq_louise
Slime:1:  layout_caves, special_room [special_room_jelly]
Slime:2:  layout_caves, nicolae_slime_welcoming_committee
Slime:3:  layout_caves, nicolae_slime_barrier
Slime:4:  layout_caves
Slime:5
Orc:1:    layout_caves, serial_shops, enter_volcano_3
Orc:2:    kennysheep_orc_mage_school, layout_caves, nicolae_shop_clearance
Elf:1:    elf_arrival_002, layout_geoelf_octagon, serial_shops,
          nicolae_shop_stone, minmay_elf_necromancy, uniq_roxanne
Elf:2:    elven_hall_of_blades_hangedman_original
          [nicolae_blade_entry_antechamber], layout_gridlike, uniq_azrael
Elf:3:    minmay_elf_hall_furrowed, layout_loops_corners, serial_shops,
          nicolae_shop_pleasant_corner_grove
Vaults:1: hangedman_vaults_restitches, v_pattern_5,
          nicolae_vaults_tetromino_T_2, nicolae_vaults_closet_pinwheel_1,
          st_squares, grunt_vaults_hallway_short, hangedman_vaults_nails,
          nicolae_vaults_little_squares_4, vaults_room_door_hall,
          vaults_room_grunt_arrival_ludios, vaults_dpeg_emergency_exit,
          layout_vaults_omnigrid, serial_shops, nicolae_shop_tiny_waterfront,
          nicolae_diamond_shop, nicolae_shop_behind_doors, shop
Vaults:2: grunt_tower_of_power, nicolae_vaults_house_1,
          nicolae_vaults_what_the_h, nicolae_vaults_oval_intersection,
          nicolae_vaults_ninety_degrees, grunt_vaults_twisty,
          nicolae_vaults_mini_display_case, nicolae_vaults_prndl,
          nicolae_vaults_yaktaur_gun_rack, ontoclasm_vaults_bender,
          nicolae_vaults_tetromino_Z_2, nicolae_vaults_sealed_display,
          layout_vaults_ring, serial_shops, bzr_entry_gold
Vaults:3: vaults_standard_mumra_enter_the_diamond,
          minmay_crypt_entry_simple_statues, hangedman_vaults_hard_town_square,
          nicolae_vaults_trapezoid_lopsided_3, nicolae_vaults_tetromino_T_1,
          nicolae_vaults_tetromino_L_1, hangedman_vaults_cutoff,
          nicolae_vaults_stepped_doors, grunt_vaults_hallway_short,
          layout_vaults_big_room
Vaults:4: v_misc_27, grunt_vaults_diagonal, vaults_mumra_hex, v_misc_14,
          nicolae_vaults_little_squares_4, grunt_vaults_swirl,
          nicolae_vaults_frosty_reception, nicolae_vaults_house_1,
          nicolae_vaults_prndl, nicolae_vaults_diagonal_hallway_7, v_misc_9,
          nicolae_vaults_trapezoid_2, vaults_dpeg_doors, v_misc_18,
          layout_vaults_omnibox, serial_shops, nicolae_shop_crystal
Vaults:5: serial_shops, uniq_bai_suzhen
Crypt:1:  layout_gridlike, nrook_guardian_serpent_ordinary
Crypt:2:  layout_chaotic_city, lemuel_elevator
Crypt:3:  lightli_unholy_cathedral, layout_chaotic_city,
          nicolae_tomb_entry_rubble_hallway
Depths:1: layout_twisted_cross, grunt_pan_entry_sceptre,
          grunt_hell_entry_dis_grunt, amcnicky_mini_pool_small, serial_shops,
          shop, minmay_misc_feat_hallway, minmay_crystal_box
Depths:2: minmay_thinvault, layout_small_grid, enter_ziggurat_a,
          rand_demon_pan_entry_1, hell_entry, hangedman_cracks_in_the_wall
Depths:3: minmay_inner_zag, layout_small_grid, abyss_entry_flame_altar,
          hellmouth_1, serial_rivers, chequers_serial_rivers_micro_b,
          chequers_serial_rivers_room_b, chequers_serial_rivers_micro_d,
          chequers_serial_rivers_micro_a, chequers_serial_rivers_micro_a,
          chequers_serial_rivers_small_a
Depths:4: evilmike_zot_entry_gauntlet, layout_cave_pools, columned_hall_lemuel,
          lightli_too_deep, abyss_entry
Hell
Geh:1:    layout_gehenna_pools_box
Geh:2:    layout_gehenna_pools_box, nicolae_geh_isolated_escape
Zot:1:    gammafunk_dig_for_victory, layout_misc_corridors
Zot:2:    layout_misc_corridors
Zot:3:    hangedman_zot_vaults_quadrants, layout_cathedral_of_symmetry
Zot:4:    layout_basic, grunt_ministairs_9, hangedman_spider_trapstep,
          lemuel_elevator, uniq_vv
Zot:5:    layout_cellular_growth

Skill      XL: |  1  2  3  4  5  6  7  8  9 10 11 12 13 14 15 16 17 18 19 20 21 22 23 24 25 26 |
---------------+-------------------------------------------------------------------------------+-----
Spellcasting   | 2 3 4 7 10 11 13 14 15 16 18 | 18.8
Conjurations   | 4 5 6 9 10 11 | 11.0
Earth Magic    | 2 4 8 11 16 17 | 17.5
Translocations | 4 6 7 10 12 | 12.0
Armour         | 10 12 15 16 17 19 20 | 20.1
Shields        | 4 5 10 11 | 11.9
Fighting       | 7 8 14 15 17 | 17.1
Dodging        | 4 10 12 | 12.9
Transmutations | 3 6 7 10 13 15 | 15.0
Necromancy     | 7 10 13 15 | 15.0
Axes           | 6 13 14 16 18 | 18.0
Stealth        | 6 |  6.0

Action                     |  1- 3 |  4- 6 |  7- 9 | 10-12 | 13-15 | 16-18 | 19-21 | 22-24 | 25-27 || total
---------------------------+-------+-------+-------+-------+-------+-------+-------+-------+-------++-------
  Melee: Unarmed           |    14 |     3 |       |       |       |       |       |       |       ||    17
         Dagger            |       |       |    76 |   111 |       |       |       |       |       ||   187
         Punch             |       |       |     3 |       |       |       |       |       |       ||     3
         Short sword       |       |       |       |       |    94 |       |       |       |       ||    94
         Scimitar          |       |       |       |       |     8 |     2 |       |       |       ||    10
         Broad axe         |       |       |       |       |       |   166 |   215 |  1066 |   326 ||  1773
   Cast: Magic Dart        |   114 |    74 |    71 |    19 |   318 |   880 |   635 |    47 |     7 ||  2165
         Searing Ray       |     1 |    39 |    44 |    13 |     6 |     2 |     3 |       |       ||   108
         Stone Arrow       |       |     1 |    48 |   157 |    99 |     4 |    12 |       |       ||   321
         Iskenderun's Myst |       |       |    23 |   170 |   391 |   474 |   924 |   743 |   139 ||  2864
         Borgnjor's Vile C |       |       |       |       |       |    27 |    84 |    73 |    49 ||   233
         Manifold Assault  |       |       |       |       |       |    96 |    67 |   357 |    63 ||   583
         Fulminant Prism   |       |       |       |       |       |    19 |       |     1 |       ||    20
         Lee's Rapid Decon |       |       |       |       |       |     5 |     2 |       |       ||     7
         Statue Form       |       |       |       |       |       |     4 |     5 |    31 |    21 ||    61
         Iron Shot         |       |       |       |       |       |       |    16 |   155 |   512 ||   683
         Necromutation     |       |       |       |       |       |       |       |    13 |     7 ||    20
         Leda's Liquefacti |       |       |       |       |       |       |       |     2 |     1 ||     3
         Shatter           |       |       |       |       |       |       |       |       |    11 ||    11
Ability: End Transformatio |       |       |       |       |       |       |     1 |     1 |     1 ||     3
  Evoke: Wand              |       |       |       |       |       |     2 |     1 |       |     6 ||     9
    Use: Scroll            |       |       |       |    17 |     7 |    10 |    12 |     5 |    16 ||    67
         Potion            |       |       |       |       |     1 |     4 |    20 |    24 |     7 ||    56
   Stab: Distracted        |       |       |       |       |       |       |       |       |     2 ||     2
 Armour: Leather armour    |    20 |       |       |       |       |       |       |       |       ||    20
         Ring mail         |       |    37 |    73 |    76 |    76 |    44 |   132 |       |       ||   438
         Skin              |       |     1 |       |       |       |     5 |     1 |    67 |     7 ||    81
         Swamp dragon scal |       |       |       |       |       |   107 |    52 |       |       ||   159
         Chain mail        |       |       |       |       |       |       |   130 |   616 |       ||   746
         Plate armour      |       |       |       |       |       |       |       |    47 |   449 ||   496
         Gold dragon scale |       |       |       |       |       |       |       |       |   131 ||   131
  Dodge: Dodged            |    46 |    50 |   118 |   256 |   330 |   580 |   467 |   563 |   379 ||  2789
  Block: Buckler           |       |       |       |    44 |       |       |       |       |       ||    44
         Orb               |       |       |       |       |       |       |    65 |       |       ||    65
